Zazza, neutral female human Tourist ----------- --------------- #..........| ---------------- ----- |....<........| #|.....|...| ...............| |...| #-..............# #|.........| #|..............| |...-#####|...*.........|# #|.........| ##-..............| |*..|#####..............|# #..........| ##|..............| ----- ---------------f ###---------|- ####------------|--- @ # # # # ### m ### # # # # # # # # # ### # # # # # # # # # # # ### ### # ### # # # #------# # # # ### #|....|# ----%------# # # #-....|# |..........####----|------- |..>..# |.........| # |..........| ------ |..........## |..........| -----|----- ------------ # Zazza the Rambler Experience level: 1 Strength: 11 Dexterity: 12 Constitution: 12 Intelligence: 13 Wisdom: 9 Charisma: 18 Health: 0(16) Energy: 2(2) Def: 1 Gold: 2513 Moves: 2075 Dungeon seed: FqlCGC5P2ahgsvof Game ID: Zazza_1598373994 Your Inventory: Coins $ - 2513 gold pieces Amulets W - a cursed amulet of restful sleep Weapons a - 29 +2 darts (in quiver) H - a cursed -1 orcish dagger (weapon in hand) X - 23 cursed +2 darts Armor e - an uncursed +0 Hawaiian shirt (being worn) n - an uncursed +0 orcish helm z - an uncursed +0 oilskin cloak (being worn) N - a cursed -1 orcish helm (being worn) Comestibles b - 7 uncursed tripe rations c - 2 uncursed tins of newt meat d - 2 uncursed slime molds f - 2 uncursed cram rations g - an uncursed lembas wafer r - 2 uncursed food rations v - an uncursed lembas wafer x - an uncursed orange K - an uncursed lichen corpse Scrolls i - 4 uncursed scrolls of magic mapping j - a blessed scroll of magic mapping t - 2 cursed scrolls of enchant armor u - an uncursed scroll of earth C - an uncursed scroll of food detection D - an uncursed scroll of light L - 2 cursed scrolls of enchant weapon Q - a cursed scroll of blank paper Spellbooks E - an uncursed spellbook of light Potions h - an uncursed potion of extra healing A - an uncursed potion of booze B - a blessed potion of speed G - an uncursed potion of water I - an uncursed potion of monster detection O - a cursed potion of enlightenment P - a cursed potion of full healing U - a cursed potion of monster detection V - 2 cursed potions of extra healing Rings M - a cursed ring of warning R - a cursed ring of sustain ability S - an uncursed ring of teleport control Wands T - a wand of make invisible (0:6) Tools k - an expensive camera (0:42) l - an uncursed credit card J - 5 uncursed tallow candles (0:200) Gems q - an uncursed worthless piece of blue glass y - an uncursed worthless piece of black glass Spells and supernatural/magical abilities: Name Level Category Fail Memory W - pray for help -- divine ? -- Your skills at the end: Fighting Skills Weapon Skills dart [Basic] Spellcasting Skills Final Attributes: You were stridently aligned. You are dead. Vanquished creatures: an acid blob 2 coyotes 2 gnome zombies 2 geckos 5 jackals a fox a kobold 2 goblins a sewer rat 6 grid bugs 3 lichens 2 kobold zombies 3 newts 31 creatures vanquished. Voluntary challenges: You used a wielded weapon 3 times, starting on turn 1313. You read items or engraved 2 times, starting on turn 6. You never genocided any monsters. You never polymorphed an object. You never changed form. You used no wishes. You never split a pudding. You never wrote Elbereth's name. You never violated your personal moral code. Dungeon overview: The Dungeons of Doom: levels 1 to 4 Level 1 a fountain, a sink a long staircase Level 2 a fountain Level 3 a general store a long staircase Level 4 <- You were here a general store History has recorded: On T:1 you entered the Dungeons of Doom to retrieve the Amulet of Yendor! On T:228 you reached level 2 of The Dungeons of Doom. On T:468 you reached level 3 of The Dungeons of Doom. On T:1332 you reached level 4 of The Dungeons of Doom. Score breakdown: Gold: 1627 (10924 points) Experience: 1 level ( 0 points) Exploration: 4 levels ( 8.33%) ( 7579 points) Discoveries: 2 items ( 0.67%) ( 2457 points) Valuables value: (no points given unless you survive) Artifact value: 0 ( 0 points) Variety of kills: 13 monsters ( 3.41%) ( 5541 points) Turncount: 2075 turns ( -55 points) Survival: died (score multiplied by 80%) Total score: 21156 Latest messages: You hear some noises in the distance. Armand misses the small mimic. Armand bites the small mimic. The small mimic misses Armand. Armand bites the small mimic. The small mimic hits Armand. You hear some noises in the distance. You displace Armand. Wait! That's a small mimic! You displace Armand. You hear some noises in the distance. You displace Armand. You hear some noises in the distance. The small mimic hits! You hit the small mimic. You displace Armand. You hear some noises in the distance. (2x) You displace Armand. You hear some noises in the distance. The dart hits the small mimic. The small mimic hits! You die... Final status: Aloha Zazza the Tourist, killed by a small mimic... You died in The Dungeons of Doom on dungeon level 4 with 21156 points, and 2513 pieces of gold, after 2075 moves. You were level 1 with a maximum of 16 hit points when you died.